 Dungeon Crawl Stone Soup version 0.19.0 (webtiles) character file.

59 CanadianGator the Sneak (level 4, 0/42 HPs)
             Began as a Naga Monk on Nov 18, 2016.
             Slain by an adder (3 damage)
             ... on level 2 of the Dungeon.
             The game lasted 00:06:56 (1264 turns).

CanadianGator the Sneak (Naga Monk)                 Turns: 1264, Time: 00:06:56

Health: 0/42       AC:  2    Str: 18    XL:     4   Next: 3%
Magic:  4/4        EV: 10    Int: 11    God:
Gold:   53         SH:  0    Dex: 14    Spells: 0 memorised, 3 levels left

rFire  . . .     SeeInvis +       - Unarmed
rCold  . . .     Gourm    .     l - +0 leather armour
rNeg   . . .     Faith    .     (no shield)
rPois  +         Spirit   .     (no helmet)
rElec  .         Reflect  .     (no cloak)
rCorr  .         Harm     .     (no gloves)
MR     .....                    (no barding)
Stlth  ++........               (no amulet)
                                (no ring)
                                f - +5 ring of strength

@: lethally poisoned (0 -> -2), about to teleport, very slow
A: see invisible, deformed body, poison resistance, slowness 2, slow metabolism
1, spit poison 1, AC +1
a: Spit Poison


You were on level 2 of the Dungeon.
You were not hungry.

You visited 1 branch of the dungeon, and saw 2 of its levels.

You collected 53 gold pieces.

Inventory:

Armour
 a - a +0 robe
 l - a +0 leather armour (worn)
Jewellery
 f - a +5 ring of strength (left hand)
Scrolls
 d - 2 scrolls of identify
 e - a scroll of immolation
 o - a scroll of fear {unknown}
Potions
 g - a potion of mutation {unknown}
 i - a potion of haste {unknown}
 k - 2 potions of curing {unknown}
 n - a potion of degeneration {unknown}
Comestibles
 b - a bread ration
 c - a meat ration
 h - a slice of pizza


   Skills:
 + Level 3.5 Fighting
 + Level 1.1 Armour
 + Level 2.7 Dodging
 + Level 3.7 Stealth
 + Level 3.3 Unarmed Combat


You had 3 spell levels left.
You didn't know any spells.

Dungeon Overview and Level Annotations

Branches:
Dungeon (2/15)

Altars:


Innate Abilities, Weirdness & Mutations

You cannot wear boots.
Your serpentine skin is tough. (AC +1)
You have supernaturally acute eyesight. (SInv)
Armour fits poorly on your strangely shaped body.
Your system is resistant to poisons. (rPois)
You cover ground very slowly.
You have a slow metabolism.
You can spit poison.


Message History

The adder is moderately wounded.
You feel sick. The goblin barely misses you. The rat bites you.
* * * LOW HITPOINT WARNING * * *
The adder closely misses you.
As you read the scroll labeled POUDYCUNWE, it crumbles to dust.
It is a scroll of identify.
e - a scroll of immolation The rat closely misses you.
The goblin hits you but does no damage. The adder bites you.
* * * LOW HITPOINT WARNING * * *
As you read the scroll labeled FEM NOD SUONN, it crumbles to dust.
You hear a loud clanging noise!
It was a scroll of noise.
You hear a shout!
The adder bites you but does no damage. The rat bites you but does no damage.
The goblin hits you but does no damage.
As you read the scroll labeled JAARUM EZOUNT, it crumbles to dust.
You feel strangely unstable.
It was a scroll of teleportation.
The adder bites you.
You die...

######### #.......#
#.......# #.......#
#..$....# #......
#...<...# #####......
###....r@.# #...+....>.
..?....Sg.# #...#......
..........#####...##.....
.............##...##.#...
.............##...##.#...
.........................
.......##.#######....#<..
....?.. #>. .............
....... #########........


You could see an adder, a goblin and a rat.

Vanquished Creatures
  Jessica (D:2)
  A dart slug (D:2)
  A leopard gecko (D:1)
  2 ball pythons
  4 bats
  A giant cockroach (D:1)
  5 goblins
  3 hobgoblins (D:1)
  4 jackals (D:2)
  A frilled lizard (D:1)
  2 kobolds (D:2)
  A rat (D:1)
26 creatures vanquished.

Notes
Turn   | Place    | Note
-------+----------+-------------------------------------------
     0 | D:1      | CanadianGator the Naga Monk began the quest for the Orb.
     0 | D:1      | Reached XP level 1. HP: 21/21 MP: 1/1
   115 | D:1      | Reached XP level 2. HP: 20/28 MP: 2/2
   877 | D:2      | Reached XP level 3. HP: 30/34 MP: 3/3
   879 | D:2      | Noticed Jessica
   908 | D:2      | Killed Jessica
   908 | D:2      | Reached skill level 1 in Armour
   924 | D:2      | Reached XP level 4. HP: 6/42 MP: 4/4
  1262 | D:2      | HP: 2/42 [adder (2)]
  1264 | D:2      | Slain by an adder

Skill      XL: |  1  2  3 |
---------------+----------+-----
Armour         | 1 |  1.1
Fighting       | |  3.5
Dodging        | |  2.7
Stealth        | |  3.7
Unarmed Combat | |  3.3

Action                   |  1- 3 |  4- 6 || total
-------------------------+-------+-------++-------
Melee: Unarmed           |    91 |    20 ||   111
       Punch             |     1 |       ||     1
  Use: Scroll            |       |     3 ||     3
 Stab: Sleeping          |     3 |       ||     3
Armor: Robe              |     2 |       ||     2
       Leather armour    |     9 |     8 ||    17
Dodge: Dodged            |    48 |    16 ||    64
